 Dungeon Crawl Stone Soup version 0.29.0-15-g675c0067aa (webtiles) character file.

Game seed: 13619160058746911163

23 qw the Sneak (level 2, -2/19 HPs)
             Began as a Gargoyle Delver on Sept 11, 2022.
             Slain by an iguana (6 damage)
             ... on level 4 of the Dungeon.
             The game lasted 00:00:05 (239 turns).

qw the Sneak (Gargoyle Delver)                       Turns: 239, Time: 00:00:06

Health: -2/19      AC: 11    Str: 15    XL:     2   Next: 95%
Magic:  2/2        EV:  6    Int: 10    God:
Gold:   0          SH:  0    Dex: 11    Spells: 1/1 levels left

rFire   . . .      SeeInvis .   a - +0 hand axe
rCold   . . .      Faith    .   (no shield)
rNeg    + . .      Spirit   .   h - +0 chain mail
rPois   inf        Reflect  .   (no helmet)
rElec   +          Harm     .   (no cloak)
rCorr   .          Rampage  .   (no gloves)
Will    .....                   (no boots)
Stlth   ..........              (no amulet)
HPRegen 0.06/turn               (no ring)
MPRegen 0.08/turn               (no ring)

@: no status effects
A: sickness immunity, AC +2, negative energy resistance 1, electricity
resistance, torment resistance 1, petrification resistance
a: no special abilities


You were on level 4 of the Dungeon.
You visited 1 branch of the dungeon, and saw 2 of its levels.


Innate Abilities, Weirdness & Mutations

You are immune to sickness and miasma.
Your stone body is resilient. (AC +2)
You are immune to poison.
You resist negative energy. (rN+)
You are resistant to electric shocks. (rElec)
You are resistant to unholy torment.
You are immune to petrification.


   Skills:
 - Level 3.2 Fighting
 + Level 2.5 Axes
 - Level 1.5 Armour
 - Level 1.5 Dodging
 - Level 5.4 Stealth


You had one spell level left.
You didn't know any spells.
Your spell library was empty.

Inventory:

Hand Weapons
 a - a +0 hand axe (weapon)
Armour
 h - a +0 chain mail (worn)
Wands
 g - a wand of digging (3)
Potions
 b - a potion of resistance {unknown}
 f - a potion of haste

Dungeon Overview and Level Annotations

Branches:
Dungeon (5/15)
 Temple: D:4-7

Altars:


Message History

The gnoll hits you with a +0 spear.
You hit the gnoll.
The gnoll is moderately wounded.
The gnoll closely misses you.
You hit the gnoll.
The gnoll is severely wounded.
The gnoll hits you with a +0 spear. The gnoll hits you but does no damage.
You barely miss the gnoll.
The gnoll is severely wounded.
The gnoll barely misses you.
You slash the gnoll!
You kill the gnoll!
Your Armour skill increases to level 1!
You start resting.
HP restored.
A ball python comes into view.
The ball python hisses angrily.
You hit the ball python.
You kill the ball python!
An iguana comes into view.
The iguana hisses angrily.
You hit the iguana.
The iguana is lightly wounded.
The iguana barely misses you.
You barely miss the iguana.
The iguana is lightly wounded.
The iguana barely misses you.
You hit the iguana but do no damage.
The iguana is lightly wounded.
The iguana bites you. The iguana barely misses you.
You hit the iguana.
The iguana is moderately wounded.
The iguana bites you!
You completely miss the iguana.
The iguana is moderately wounded.
The iguana bites you but does no damage.
You completely miss the iguana.
The iguana is moderately wounded.
The iguana bites you.
You die...

7. 7.77 7..
7.7777777
7..77...77
7..7.77.77
777.7.7777.7
7777...777
7.7 #
77.7.7)77
7@7
#77...7777
7.l...7
#7..777
.....77
#7.77
7.7...7 ...7
7. 77.7 #777
.. .7 .7 7
.. #


You could see an iguana.

Vanquished Creatures
  A gnoll (D:4)
  An adder (D:4)
  A ball python (D:4)
  A goblin (D:4)
  A hobgoblin (D:4)
5 creatures vanquished.

Notes
Turn   | Place    | Note
-------+----------+-------------------------------------------
     0 | D:5      | qw the Gargoyle Delver began the quest for the Orb.
     0 | D:5      | Reached XP level 1. HP: 14/14 MP: 1/1
     0 | D:5      | 0 ||| qw: Version: 0.1-a-118-gb4e7ce6
     0 | D:5      | 0 ||| qw: Game counter: 10566
     0 | D:5      | 0 ||| qw: Always use a shield: true
     0 | D:5      | 0 ||| qw: God list: Okawaru
     0 | D:5      | 0 ||| qw: Allow faded altars: false
     0 | D:5      | 0 ||| qw: Do Orc after D:15 true
     0 | D:5      | 0 ||| qw: Do second Lair branch before Depths: true
     0 | D:5      | 0 ||| qw: Lair rune preference: random
     0 | D:5      | 0 ||| qw: Plans: Normal
     0 | D:5      | 0 ||| PLANNING D:1-11
    19 | D:5      | Noticed an orc priest
    20 | D:5      | 20 ||| Stepping ~*~*~tactically~*~*~ (stealth).
    23 | D:5      | 23 ||| Stepping ~*~*~tactically~*~*~ (stealth).
    37 | D:5      | 37 ||| UPGRADING to +0 chain mail.
    47 | D:5      | 47 ||| DROPPING +0 leather armour.
    48 | D:5      | 48 ||| DROPPING scroll of fog.
    49 | D:5      | 49 ||| DROPPING scroll of magic mapping.
    50 | D:5      | 50 ||| DROPPING scroll of fear.
    65 | D:4      | Reached XP level 2. HP: 19/19 MP: 2/2
   135 | D:4      | Reached skill level 1 in Armour
   237 | D:4      | HP: 4/19 [iguana (9)]
   239 | D:4      | Slain by an iguana

Levels and vault maps discovered:
D:4:      kb_forest_paths, layout_loops_ring, zin_purify, kennysheep_nub,
          kennysheep_generic_room_8
D:5:      layout_rooms, minmay_misc_feat_iff, uniq_pikel

Skill      XL: |  1  2 |
---------------+-------+-----
Axes           | 2 |  2.5
Armour         | 1 |  1.5
Fighting       | |  3.2
Dodging        | |  1.5
Stealth        | |  5.4

Action                   || total
-------------------------++-------
Melee: Hand axe          ||    26
Armor: Chain mail        ||    14
Dodge: Dodged            ||     6

Table legend:
 A = Non-vault XP
 B = Vault XP
 C = Vault XP percentage of total XP
 D = Non-vault monster count
 E = Vault monster count
 F = Vault count percentage of total count
                 A         B        C        D         E       F
            +---------+---------+-------+---------+---------+-------
      Total |      19 |      14 |  42.4 |       4 |       1 |  20.0
            +---------+---------+-------+---------+---------+-------
        D:4 |      19 |      14 |  42.4 |       4 |       1 |  20.0
            +---------+---------+-------+---------+---------+-------
